 Dungeon Crawl Stone Soup version 0.31-a0-83-gbff143cfd1 (webtiles) character file.

Game seed: 13380012802603269495

355 Darkkill the Shooter (level 6, -3/53 HPs)
             Began as a Minotaur Hunter on May 24, 2023.
             Killed by nerve-wracking pain
             ... invoked by a shadow imp
             ... summoned by Eustachio
              (6 damage)
             ... on level 4 of the Dungeon.
             The game lasted 00:04:07 (3466 turns).

Darkkill the Shooter (Minotaur Hunter)              Turns: 3466, Time: 00:04:08

Health: -3/53      AC:  3    Str: 15    XL:     6   Next: 36%
Magic:  5/5        EV: 18    Int:  6    God:
Gold:   69         SH:  0    Dex: 16    Spells: 5/5 levels left

rFire   . . .        a - +0 shortbow
rCold   . . .        (shield currently unavailable)
rNeg    . . .        c - +0 leather armour
rPois   .            (helmet restricted)
rElec   .            (no cloak)
rCorr   .            (no gloves)
SInv    .            (no boots)
Will    .....        (no amulet)
Stlth   ++           j - +5 ring of evasion
HPRegen 0.28/turn    (no ring)
MPRegen 0.09/turn

%: no passive effects
@: no status effects
A: horns 2, retaliatory headbutt
a: no special abilities


You were on level 4 of the Dungeon.
You visited 1 branch of the dungeon, and saw 4 of its levels.

You collected 69 gold pieces.

Inventory:

Hand Weapons
 a - a +0 shortbow (weapon)
 b - the +4 dagger of Gopoiss {freeze, Will+++ rCorr Str+3 Stlth-}
   (You found it on level 2 of the Dungeon)

   Str:       It affects your strength (+3).
   rCorr:     It protects you from acid and corrosion.
   Will:      It greatly increases your willpower.
   Stlth:     It makes you less stealthy.
Missiles
 f - 4 poisoned darts
 h - 18 stones
Armour
 c - a +0 leather armour (worn)
Jewellery
 j - a +5 ring of evasion (left hand)
Wands
 g - a wand of polymorph (3)
Scrolls
 e - 2 scrolls of immolation
 k - a scroll of fog
Potions
 d - a potion of enlightenment
 i - a potion of heal wounds {unknown}
 l - a potion of invisibility {unknown}
 m - a potion of curing {@q1}


   Skills:
 + Level 4.5 Fighting
 + Level 5.6 Ranged Weapons
 + Level 4.1 Dodging
 + Level 2.9 Stealth


You had 5 spell levels left.
You didn't know any spells.
Your spell library contained the following spells:

 Spells                   Type           Power      Damage    Failure   Level
 Apportation              Tloc           0%         N/A       52%         1
 Kiss of Death            Conj/Necr      0%         2d5       52%         1
 Necrotise                Necr           0%         1d4       52%         1
 Summon Small Mammal      Summ           0%         N/A       52%         1
 Call Canine Familiar     Summ           0%         N/A       88%         3
 Confusing Touch          Hex            0%         N/A       88%         3
 Summon Guardian Golem    Hex/Summ       0%         N/A       88%         3
 Dispel Undead            Necr           0%         3d6       99%         4
 Alistair's Intoxication  Tmut/Pois      0%         N/A       100%        5


Dungeon Overview and Level Annotations

Branches:
Dungeon (4/15)
 Temple: D:4-7

Altars:

Shops:
D:3 ?

Annotations:
D:4 Eustachio, Grinder


Innate Abilities, Weirdness & Mutations

You have a pair of horns on your head.
You reflexively headbutt those who attack you in melee.


Message History

The gnoll hits you from afar with a +0 spear.
Fire: a) +0 shortbow
Press: ? - help, Q - select action, (/) - cycle Shift-Dir - straight line, f/p - gnoll
Aim: a gnoll, wielding a +0 halberd (severely wounded, 68% to hit)
You shoot an arrow. The arrow barely misses the gnoll.
Eustachio shouts!
You hear a shout!
The gnoll misses you. The gnoll completely misses you. The gnoll misses you.
Fire: a) +0 shortbow
Press: ? - help, Q - select action, (/) - cycle Shift-Dir - straight line, f/p - gnoll
Aim: a gnoll, wielding a +0 halberd (severely wounded, 68% to hit)
You shoot an arrow.
The arrow hits the gnoll but does no damage.
The gnoll is severely wounded.
The gnoll completely misses you. The gnoll barely misses you.
The gnoll closely misses you.
Fire: a) +0 shortbow
Press: ? - help, Q - select action, (/) - cycle Shift-Dir - straight line, f/p - gnoll
Aim: a gnoll, wielding a +0 halberd (severely wounded, 68% to hit)
You shoot an arrow. The arrow hits the gnoll!
You kill the gnoll!
The gnoll hits you from afar with a +0 spear.
Eustachio mumbles some strange words.
The gnoll barely misses you.
Fire: a) +0 shortbow
Press: ? - help, Q - select action, (/) - cycle Shift-Dir - straight line, f - gnoll
Aim: a gnoll, wielding a +0 halberd (68% to hit)
Okay, then.
Fire: a) +0 shortbow
Press: ? - help, Q - select action, (/) - cycle Shift-Dir - straight line, f - gnoll
Aim: a gnoll, wielding a +0 halberd (68% to hit)
You shoot an arrow.
The arrow hits the gnoll but does no damage.
The gnoll hits you from afar with a +0 halberd!
The gnoll barely misses you.
Fire: a) +0 shortbow
Press: ? - help, Q - select action, (/) - cycle Shift-Dir - straight line, f/p - gnoll
Aim: a gnoll, wielding a +0 halberd (68% to hit)
You shoot an arrow. The arrow hits the gnoll!
The gnoll is heavily wounded.
The gnoll barely misses you. The gnoll misses you.
Fire: a) +0 shortbow
Press: ? - help, Q - select action, (/) - cycle Shift-Dir - straight line, f/p - gnoll
Aim: a gnoll, wielding a +0 halberd (heavily wounded, 68% to hit)
You shoot an arrow. The arrow hits the gnoll.
The gnoll is severely wounded.
The gnoll hits you from afar with a +0 halberd.
The gnoll barely misses you.
Eustachio casts a spell.
Fire: a) +0 shortbow
Press: ? - help, Q - select action, (/) - cycle Shift-Dir - straight line, f/p - gnoll
Aim: a gnoll, wielding a +0 halberd (severely wounded, 68% to hit)
You shoot an arrow. The arrow barely misses the gnoll.
The gnoll barely misses you. The gnoll closely misses you.
The shadow imp closely misses you.
Fire: a) +0 shortbow
Press: ? - help, Q - select action, (/) - cycle Shift-Dir - straight line, f/p - gnoll
Aim: a gnoll, wielding a +0 halberd (severely wounded, 68% to hit)
You shoot an arrow. The arrow hits the gnoll.
The gnoll is almost dead.
The gnoll closely misses you. The gnoll hits you but does no damage.
The shadow imp misses you.
Fire: a) +0 shortbow
Press: ? - help, Q - select action, (/) - cycle Shift-Dir - straight line, f/p - gnoll
Aim: a gnoll, wielding a +0 halberd (almost dead, 68% to hit)
You shoot an arrow. The arrow hits the gnoll.
You kill the gnoll!
The gnoll completely misses you.
Eustachio casts a spell.
The shadow imp gestures at you. Pain shoots through your body!
The gnoll hits you from afar with a +0 spear!
* * * LOW HITPOINT WARNING * * *
Fire: a) +0 shortbow
Press: ? - help, Q - select action, (/) - cycle Shift-Dir - straight line, f - white imp
Aim: a white imp (summoned, 64% to hit)
You shoot an arrow.
The arrow hits the white imp but does no damage.
The white imp gestures at you. The puff of frost misses you.
The shadow imp closely misses you. The bat closely misses you.
Eustachio casts a spell.
Eustachio blinks!
The gnoll closely misses you. The rat closely misses you.
You furiously retaliate!
You headbutt the rat.
You kill the rat!
The rat's corpse disappears in a puff of smoke!
Fire: a) +0 shortbow
Press: ? - help, Q - select action, (/) - cycle Shift-Dir - straight line, f/p - white imp
Aim: a white imp (summoned, 64% to hit)
You shoot an arrow. The arrow barely misses the white imp.
The bat misses you. You furiously retaliate!
You headbutt the bat.
You kill the bat!
The bat's corpse disappears in a puff of smoke!
The white imp gestures at you. The puff of frost hits you!
* * * LOW HITPOINT WARNING * * *
The shadow imp barely misses you. You furiously retaliate!
You headbutt the shadow imp. The gnoll completely misses you.
The shadow imp gestures at you. Pain shoots through your body!
You die...

.............?.
.......##..##..##
........ ### ..
.....@..#### #.#
......##.(#
.....$...#
#.r§....#
#r55....##.
#.5@.......
.....)§?....#..
.....)..g..## ###
..........## ...
...........# ..
..#....?....##.#
# ##...?.......#
.##.........#
#.<..#


You could see Eustachio, a gnoll, a white imp (summoned), 2 shadow imps and 2
rats.

Vanquished Creatures
  Sigmund (D:2)
  An iguana (D:3)
  Natasha (D:2)
  Robin (D:2)
  6 gnolls
  An adder (D:2)
  A dart slug (D:1)
  An orc (D:3)
  4 ball pythons
  2 endoplasms (D:1)
  A giant cockroach (D:2)
  15 goblins
  13 jackals
  2 kobolds
  A quokka (D:2)
  2 bats
  3 frilled lizards
  2 rats
58 creatures vanquished.

Notes
Turn   | Place    | Note
-------+----------+-------------------------------------------
     0 | D:1      | Darkkill the Minotaur Hunter began the quest for the Orb.
     0 | D:1      | Reached XP level 1. HP: 18/18 MP: 0/0
    41 | D:1      | You fall into a shaft and drop 1 floor!
    67 | D:2      | Identified the +4 dagger of Gopoiss {freeze, Will+++ rCorr
                  | Str+3 Stlth-}
   101 | D:2      | Reached skill level 1 in Stealth
   103 | D:2      | Reached XP level 2. HP: 23/25 MP: 1/1
  1032 | D:2      | Reached XP level 3. HP: 31/31 MP: 2/2
  1041 | D:2      | Noticed Robin
  1050 | D:2      | Killed Robin
  1332 | D:2      | Found a faded altar of an unknown god.
  1332 | D:2      | Noticed Natasha
  1334 | D:2      | Noticed Sigmund
  1345 | D:2      | HP: 6/31 [Natasha (4)]
  1514 | D:2      | Killed Natasha
  1515 | D:2      | Reached XP level 4. HP: 24/38 MP: 3/3
  1590 | D:2      | Killed Sigmund
  1591 | D:2      | Reached skill level 5 in Ranged Weapons
  1591 | D:2      | Reached XP level 5. HP: 46/46 MP: 4/4
  2112 | D:3      | Reached XP level 6. HP: 53/53 MP: 5/5
  2180 | D:3      | Found Sotif's Magic Scroll Emporium.
  2847 | D:4      | Noticed Eustachio
  2847 | D:4      | Noticed Grinder
  3131 | D:4      | HP: 6/53 [gnoll/+0 halberd (6)]
  3466 | D:4      | HP: 3/53 [white imp/puff of frost[Eustachio] (10)]
  3466 | D:4      | Killed from afar by a shadow imp

Illustrated notes

Levels and vault maps discovered:
D:1:      saegor_arrival_fortress, layout_loops_ring
D:2:      layout_basic, hellmonk_ecumenical_altar_dog_temple, uniq_sigmund,
          uniq_natasha, uniq_robin
D:3:      layout_loops_corners, serial_shops, nicolae_shop_statue_plus
D:4:      layout_cave_pools, mainiacjoe_overflow_brackets,
          minmay_misc_feat_four_crosses, uniq_ijyb, uniq_eustachio, uniq_grinder

Skill      XL: |  1  2  3  4  5  6 |
---------------+-------------------+-----
Stealth        | 1 2 |  2.9
Fighting       | 3 4 |  4.5
Dodging        | 3 4 |  4.1
Ranged Weapons | 5 |  5.6

Action                     |  1- 3 |  4- 6 || total
---------------------------+-------+-------++-------
   Fire: Shortbow          |    92 |   115 ||   207
    Use: Scroll            |     3 |     3 ||     6
 Armour: Leather armour    |    19 |     9 ||    28
         Skin              |       |     9 ||     9
  Dodge: Dodged            |    39 |   125 ||   164

Table legend: (Time is in decaauts)
 A = Elapsed time spent in this place.
 B = Non-inter-level travel time spent in this place.
 C = Inter-level travel time spent in this place.
 D = Time resting spent in this place.
 E = Time spent auto-exploring this place.
 F = Levels seen in this place.
 G = Mean time per level.
                   A        B        C        D        E       F      G
               +--------+--------+--------+--------+--------+-----+--------+
         Total |   3520 |   3268 |    252 |    581 |   2282 |   4 |  880.0 |
       Dungeon |   3520 |   3268 |    252 |    581 |   2282 |   4 |  880.0 |
               +--------+--------+--------+--------+--------+-----+--------+

Top non-repeatable levels by time:
     D:3: 1407 daAuts
     D:2: 1108 daAuts
     D:1: 948 daAuts
     D:4: 56 daAuts

Levels and vault maps discovered:
D:1:      saegor_arrival_fortress, layout_loops_ring
D:2:      layout_basic, hellmonk_ecumenical_altar_dog_temple, uniq_sigmund,
          uniq_natasha, uniq_robin
D:3:      layout_loops_corners, serial_shops, nicolae_shop_statue_plus
D:4:      layout_cave_pools, mainiacjoe_overflow_brackets,
          minmay_misc_feat_four_crosses, uniq_ijyb, uniq_eustachio, uniq_grinder

Table legend: (Time is in decaauts)
 A = Elapsed time spent in this place.
 B = Non-inter-level travel time spent in this place.
 C = Inter-level travel time spent in this place.
 D = Time resting spent in this place.
 E = Time spent auto-exploring this place.
 F = Levels seen in this place.
 G = Mean time per level.
                   A        B        C        D        E       F      G
               +--------+--------+--------+--------+--------+-----+--------+
         Total |   3520 |   3268 |    252 |    581 |   2282 |   4 |  880.0 |
       Dungeon |   3520 |   3268 |    252 |    581 |   2282 |   4 |  880.0 |
               +--------+--------+--------+--------+--------+-----+--------+

Top non-repeatable levels by time:
     D:3: 1407 daAuts
     D:2: 1108 daAuts
     D:1: 948 daAuts
     D:4: 56 daAuts

Table legend:
 A = Kills in this place as a percentage of kills in the entire game.
 B = Kills by you in this place as a percentage of kills by you in the entire game.
 C = Kills by friends in this place as a percentage of kills by friends in the entire game.
 D = Other kills in this place as a percentage of other kills in the entire game.
 E = Experience gained in this place as a percentage of experience gained in the entire game.
 F = Experience gained in this place divided by the number of levels of this place that you have seen.
                   A       B       C       D       E      F
               +-------+-------+-------+-------+-------+----------------------
         Total | 100.0 | 100.0 |   N/A |   N/A | 100.0 | 127.0
       Dungeon | 100.0 | 100.0 |   N/A |   N/A | 100.0 | 127.0
               +-------+-------+-------+-------+-------+----------------------
